 Dungeon Crawl Stone Soup version 0.28.0-43-g3370ac3207 (webtiles) character file.

Game seed: 8781774079728326806

9 experimilk the Skirmisher (level 2, 0/25 HPs)
             Began as a Palentonga Abyssal Knight on Mar 3, 2022.
             Was an Initiate of Lugonu.
             Slain by a kobold
             ... wielding a +0 short sword
              (2 damage)
             ... on level 1 of the Dungeon.
             The game lasted 00:01:24 (82 turns).

experimilk the Skirmisher (Palentonga Abyssal Knight) Turns: 82, Time: 00:01:25

Health: 0/25       AC:  4    Str: 16    XL:     2   Next: 3%
Magic:  3/3        EV:  9    Int: 10    God:    Lugonu [......]
Gold:   0          SH:  0    Dex: 10    Spells: 1/1 levels left

rFire   . . .      SeeInvis +   a - +1 hand axe
rCold   . . .      Faith    .   (no shield)
rNeg    . . .      Spirit   .   b - +0 leather armour
rPois   .          Reflect  .   (no helmet)
rElec   .          Harm     .   (no cloak)
rCorr   .          Rampage  .   (no gloves)
Will    .....                   (no barding)
Stlth   +.........              (no amulet)
HPRegen 0.08/turn               (no ring)
MPRegen 0.08/turn               (no ring)

@: no status effects
A: large, rugged brown scales 3, see invisible, deformed body, roll 1, armoured
tail
a: Rolling Charge, Renounce Religion


You were on level 1 of the Dungeon.
You worshipped Lugonu.
Lugonu was noncommittal.
You visited 1 branch of the dungeon, and saw 1 of its levels.
You visited the Abyss 1 time.

Inventory:

Hand Weapons
 a - a +1 hand axe (weapon)
Armour
 b - a +0 leather armour (worn)
Scrolls
 c - a scroll of magic mapping {unknown}


   Skills:
 + Level 3.1 Fighting
 * Level 2.4 Axes
 - Level 1.5 Armour
 - Level 0.7 Dodging
 + Level 2.2 Invocations


You had one spell level left.
You didn't know any spells.
Your spell library was empty.

Dungeon Overview and Level Annotations

Branches:
Dungeon (1/15)

Altars:


Innate Abilities, Weirdness & Mutations

You are completely covered in rugged brown scales. (AC +3, +7% HP)
You have supernaturally acute eyesight. (SInv)
Armour fits poorly on your strangely shaped body.
You can roll at nearby foes to attack.
You have a long armoured tail.


Message History

The kobold hits you but does no damage.
You hit the dart slug.
The dart slug is severely wounded.
You hit the quokka.
You kill the quokka!
Lugonu accepts your kill.
You hit the kobold.
The kobold hits you with a +0 short sword.
You hit the dart slug.
The dart slug is almost dead.
You hit the kobold but do no damage. You barely miss the endoplasm.
The endoplasm barely misses you.
The dart slug bites you but does no damage.
The kobold hits you with a +0 short sword.
Unknown command.
You hit the dart slug.
You kill the dart slug!
Lugonu accepts your kill.
You closely miss the kobold. You hit the endoplasm.
You closely miss the hobgoblin. The endoplasm closely misses you.
The hobgoblin barely misses you.
The kobold hits you with a +0 short sword.
* * * LOW HITPOINT WARNING * * *
The endoplasm freezes you.
You are frozen.
* * * LOW HITPOINT WARNING * * *
You barely miss the kobold.
The kobold is moderately wounded.
You hit the hobgoblin. You hit the endoplasm.
You kill the endoplasm!
Lugonu accepts your kill. The hobgoblin barely misses you.
The kobold hits you but does no damage.
The hobgoblin hits you but does no damage.
You have reached level 2!
Unknown command.
You closely miss the kobold.
The kobold is moderately wounded.
You hit the hobgoblin but do no damage.
The kobold hits you with a +0 short sword.
You die...

≈≈≈...≈..# ≈≈≈......#
#######... ≈≈≈......#
#......... ≈≈..≈.<..#
#......... ≈≈≈≈≈....#
#......... ≈≈≈≈≈....#
#......... ≈≈≈≈≈..(.#
#......... #≈≈≈≈≈...#
#.†g......
#######..######.@.......
##.....†)K........
#################


You could see a hobgoblin and a kobold.

Vanquished Creatures
  A dart slug (D:1)
  A bat (D:1)
  An endoplasm (D:1)
  A hobgoblin (D:1)
  A quokka (D:1)
  A kobold (D:1)
  A rat (D:1)
7 creatures vanquished.

Notes
Turn   | Place    | Note
-------+----------+-------------------------------------------
     0 | Abyss:1  | experimilk the Palentonga Abyssal Knight began the quest
                  | for the Orb.
     0 | Abyss:1  | Reached XP level 1. HP: 19/19 MP: 2/2
    43 | Abyss:2  | Noticed a large abomination
    45 | D:1      | Escaped the Abyss
    82 | D:1      | Reached XP level 2. HP: 2/25 MP: 3/3
    82 | D:1      | Slain by a kobold

Illustrated notes

Levels and vault maps discovered:
D:1:      dpeg_arrival_pond, layout_basic, minmay_split_cup_small

Action                   || total
-------------------------++-------
Melee: Hand axe          ||     9
Invok: Depart the Abyss  ||     1
 Abil: Rolling Charge    ||     3
Armor: Leather armour    ||     5
Dodge: Dodged            ||     9
